 Dungeon Crawl Stone Soup version 0.26-a0-812-g31a745ddcd (webtiles) character file.

Game seed: 17077828953737602955

131 mhoghedin the Grave Robber (level 4, -3/30 HPs)
             Began as a Mummy Necromancer on Nov 21, 2020.
             Killed from afar by Sigmund (5 damage)
             ... with a magic dart
             ... on level 3 of the Dungeon.
             The game lasted 00:06:28 (3142 turns).

mhoghedin the Grave Robber (Mummy Necromancer)      Turns: 3142, Time: 00:06:28

Health: -3/30      AC:  3    Str: 11    XL:     4   Next: 91%
Magic:  10/10      EV: 12    Int: 15    God:
Gold:   155        SH:  0    Dex: 12    Spells: 7/12 levels left

rFire    x . .     SeeInvis .   i - +4 short sword
rCold    + . .     Faith    .   (no shield)
rNeg     + + +     Spirit   .   o - +0 robe (curse)
rPois    ∞         Reflect  .   (no helmet)
rElec    .         Harm     .   m - +0 cloak
rCorr    .         Rampage  .   (no gloves)
MR       .....                  (no boots)
Stlth    ++........             k - amulet of magic regeneration
HPRegen  0.10/turn              (no ring)
MPRegen  0.37/turn              (no ring)

@: no status effects
A: no potions, fire vulnerability, cold resistance 1, negative energy resistance
3, torment resistance, unbreathing
a: no special abilities


You were on level 3 of the Dungeon.
You visited 1 branch of the dungeon, and saw 3 of its levels.

You collected 155 gold pieces.

Inventory:

Hand Weapons
 b - a +1 mace of protection
   (You found it on level 3 of the Dungeon)
 c - a +0 hand axe
   (You found it on level 1 of the Dungeon)
 g - a +2 vorpal hand axe
   (You found it on level 1 of the Dungeon)
 i - a +4 short sword (weapon)
   (You took it off a kobold on level 2 of the Dungeon)
 l - a +0 vorpal mace
   (You found it on level 2 of the Dungeon)
 n - a +4 quarterstaff of chaos
   (You took it off Crazy Yiuf on level 2 of the Dungeon)
Missiles
 e - a throwing net {=f, !d}
 f - 37 poisoned darts (quivered)
Armour
 a - a +0 robe
 m - a +0 cloak (worn)
   (You took it off Crazy Yiuf on level 2 of the Dungeon)
 o - a cursed +0 robe (worn)
   (You found it on level 2 of the Dungeon)
Jewellery
 k - an amulet of magic regeneration (around neck)
   (You found it on level 3 of the Dungeon)
Scrolls
 d - a scroll of remove curse
 h - a scroll of fear
 j - a scroll of magic mapping {!r}
 p - a scroll of identify


   Skills:
 - Level 1.6 Dodging
 - Level 1.6 Stealth
 + Level 4.7 Spellcasting
 + Level 5.2 Necromancy


You had 7 spell levels left.
You knew the following spells:

 Your Spells              Type           Power        Failure   Level
a - Pain                  Necr           ###.         1%          1
x - Vampiric Draining     Necr           ###.......   6%          3
A - Animate Skeleton      Necr           ###...       1%          1

Your spell library contained the following spells:

 Spells                   Type           Power        Failure   Level
 Animate Dead             Necr           ###.......   19%         4
 Agony                    Necr           ###.....     47%         5


Dungeon Overview and Level Annotations

Branches:
Dungeon (3/15)

Altars:
Cheibriados
Okawaru

Annotations:
D:2 Robin
D:3 Sigmund


Innate Abilities, Weirdness & Mutations

You do not drink.
Your flesh is vulnerable to fire.
You are immune to poison.
Your flesh is cold resistant. (rC+)
You are immune to negative energy. (rN+++)
You are immune to unholy pain and torment.
You can survive without breathing.


Message History

The frilled lizard bites you but does no damage.
You barely miss the frilled lizard.
The frilled lizard bites you but does no damage.
You puncture the frilled lizard!
You kill the frilled lizard!
No target in view!
No target in view!
No target in view!
No target in view!
No target in view!
No target in view!
No target in view!
You see here a glowing mace.
b - a glowing mace Your +1 mace of protection hums with potential!
b - a +1 mace of protection (weapon)
Your +1 mace of protection goes still.
i - a +4 short sword (weapon)
You see here a puce potion.
A worm comes into view.
The worm bites you but does no damage.
You hit the worm. The worm bites you.
You take 5 damage, and have 25/30 hp.
You hit the worm. You barely miss the worm. The worm bites you!
You take 9 damage, and have 17/30 hp.
MASSIVE DAMAGE!!
Aim: a worm (moderately wounded, chance to defeat MR: 84%)
The worm writhes in agony.
The worm barely misses you.
You now have 9/10 mp.
Aim: a worm (heavily wounded, chance to defeat MR: 84%)
The worm writhes in agony!
You now have 8/10 mp.
Aim: a worm (almost dead)
You kill the worm!
You feel life coursing into your body.
You now have 5/10 mp.
k - a square pearl amulet You start putting on your amulet.
You continue putting on your square pearl amulet. x5
You finish putting on your uncursed amulet of magic regeneration.
The amulet cannot attune itself to your exhausted body.
k - an amulet of magic regeneration (around neck)
You start resting.
Your amulet attunes itself to your body and you begin to regenerate magic more quickly.
You regained 3 hp, and now have 22/30 hp.
MP restored: 10
p - a scroll of identify Health restored: 30 A bat comes into view.
You hit the bat.
You kill the bat!
No target in view!
No target in view!
No target in view!
No target in view!
No target in view!
No target in view!
No target in view!
No target in view!
No target in view!
No target in view!
No target in view!
You now have 155 gold pieces (gained 11).
You see here a bat corpse.
Sigmund the Dreaded comes into view.
He is wielding a +0 scythe.
Sigmund shouts!
You hear a shout!
You aren't carrying any items that you can evoke.
You can't drink.
Okay, then.
Sigmund is nearby!
Throwing (i - inventory. (/) - cycle)
f - 38 poisoned darts (quivered)
Aim: Sigmund, wielding a +0 scythe and wearing a +0 robe You throw a poisoned dart.
The poisoned dart hits Sigmund.
An ogre comes into view. It is wielding a +0 giant spiked club.
You see here a bat corpse.
Aim: Sigmund, wielding a +0 scythe and wearing a +0 robe (chance to defeat MR: 84%) Sigmund writhes in agony.
Sigmund points at you and mumbles some strange words.
You are confused.
You now have 9/10 mp.
You bump into the rock wall.
MP restored: 10 Sigmund closely misses you.
You're too confused to move!
Sigmund hits you from afar with a +0 scythe!
You take 10 damage, and have 20/30 hp.
MASSIVE DAMAGE!!
You bump into the rock wall.
You feel less confused. Sigmund gestures at you while chanting.
The puff of flame hits you!! The fire burns you terribly!
Ouch! That really hurt!
* * * LOW HITPOINT WARNING * * *
You take 18 damage, and have 2/30 hp.
MASSIVE DAMAGE!!
You hit Sigmund.
Sigmund points at you and mumbles some strange words.
The magic dart hits you.
You die...

# #.# #..##.#.##......##
.#.# ##.##.#.....##....
.#.# ##...#.####!####...
..# #..#........#..#...
#######.##
#....#.####.#..####
O..(.....# #.#.##.#
..#...... #..# #.#.##.#
..##P..PP
#.##..###.#.##.###..#######
#)......†@@........#. #
###########.##.#####. #
#.##.# . # # #.##.#
#..#.### #.##.. .......<
#.#### ##.####. #.# ##. #..
#.. #.#


You could see Sigmund.

Vanquished Creatures
  Crazy Yiuf (D:2)
  4 adders (D:2)
  An ooze (D:2)
  A worm (D:3)
  4 dart slugs
  2 leopard geckos
  5 bats
  3 giant cockroaches
  5 goblins
  7 hobgoblins
  8 kobolds
  4 quokkas (D:2)
  3 frilled lizards
  4 rats (D:2)
52 creatures vanquished.

Vanquished Creatures (others)
  2 fungi (D:2)
2 creatures vanquished.

Grand Total: 54 creatures vanquished

Notes
Turn   | Place    | Note
-------+----------+-------------------------------------------
     0 | D:1      | mhoghedin the Mummy Necromancer began the quest for the
                  | Orb.
     0 | D:1      | Reached XP level 1. HP: 13/13 MP: 4/4
   301 | D:1      | Reached skill level 3 in Spellcasting
   329 | D:1      | Reached XP level 2. HP: 19/19 MP: 0/6
   859 | D:2      | Found an iron altar of Okawaru.
   876 | D:2      | Reached XP level 3. HP: 12/24 MP: 4/8
  1265 | D:2      | Learned a level 1 spell: Animate Skeleton
  1269 | D:2      | Learned a level 3 spell: Vampiric Draining
  1411 | D:2      | Found a snail-covered altar of Cheibriados.
  1541 | D:2      | Reached skill level 4 in Spellcasting
  1546 | D:2      | Noticed Robin
  1564 | D:2      | HP: 5/24 [quokka (3)]
  1568 | D:2      | Reached XP level 4. HP: 6/30 MP: 1/10
  1954 | D:2      | Reached skill level 5 in Necromancy
  2468 | D:2      | Found a runed translucent door.
  2469 | D:2      | Noticed Crazy Yiuf
  2481 | D:2      | Killed Crazy Yiuf
  3126 | D:3      | Noticed Sigmund
  3127 | D:3      | Noticed an ogre
  3141 | D:3      | HP: 2/30 [Sigmund/puff of flame (18)]
  3142 | D:3      | Killed from afar by Sigmund

Illustrated notes

Levels and vault maps discovered:
D:1:      psy_arrival_radial02, layout_rooms
D:2:      layout_loops_ring, lemuel_round_altar, lemuel_crystal_altar,
          uniq_crazy_yiuf_cottage, uniq_robin
D:3:      layout_loops_ring, lemuel_crystal_altar, serial_aquarium,
          aquarium_bridge_straight [aquarium_subvault_bridge,
          aquarium_subvault_wall, aquarium_subvault_bridge,
          aquarium_subvault_wall], aquarium_window_3, aquarium_window_fake,
          aquarium_window_1, aquarium_view_2e, aquarium_view_2g,
          aquarium_balcony_3a, aquarium_pool_2, uniq_jessica, uniq_sigmund

Skill      XL: |  1  2  3  4 |
---------------+-------------+-----
Spellcasting   | 3 4 |  4.7
Necromancy     | 5 |  5.2
Dodging        | |  1.6
Stealth        | |  1.6

Action                   |  1- 3 |  4- 6 || total
-------------------------+-------+-------++-------
Melee: Hand axe          |     3 |       ||     3
       Short sword       |    24 |    73 ||    97
Throw: Dart              |    17 |     3 ||    20
 Cast: Pain              |    34 |     8 ||    42
       Vampiric Draining |     1 |     4 ||     5
  Use: Scroll            |     1 |     6 ||     7
 Stab: Sleeping          |     3 |       ||     3
Armor: Robe              |     5 |     8 ||    13
Dodge: Dodged            |    26 |    44 ||    70

Table legend: (Time is in decaauts)
 A = Elapsed time spent in this place.
 B = Non-inter-level travel time spent in this place.
 C = Inter-level travel time spent in this place.
 D = Time resting spent in this place.
 E = Time spent auto-exploring this place.
 F = Levels seen in this place.
 G = Mean time per level.
                   A        B        C        D        E       F      G
               +--------+--------+--------+--------+--------+-----+--------+
         Total |   3157 |   2893 |    264 |    756 |   1642 |   3 | 1052.3 |
       Dungeon |   3157 |   2893 |    264 |    756 |   1642 |   3 | 1052.3 |
               +--------+--------+--------+--------+--------+-----+--------+

Top non-repeatable levels by time:
     D:2: 2040 daAuts
     D:1: 829 daAuts
     D:3: 287 daAuts

Table legend:
 A = Kills in this place as a percentage of kills in entire the game.
 B = Kills by you in this place as a percentage of kills by you in the entire game.
 C = Kills by friends in this place as a percentage of kills by friends in the entire game.
 D = Other kills in this place as a percentage of other kills in the entire game.
 E = Experience gained in this place as a percentage of experience gained in the entire game.
 F = Experience gained in this place divided by the number of levels of this place that you have seen.
                   A       B       C       D       E      F
               +-------+-------+-------+-------+-------+----------------------
         Total | 100.0 | 100.0 |   N/A |   N/A | 100.0 |  62.7
       Dungeon | 100.0 | 100.0 |   N/A |   N/A | 100.0 |  62.7
               +-------+-------+-------+-------+-------+----------------------
